 Dungeon Crawl Stone Soup version 0.16.0-16-g311141a (webtiles) character file.

374569 Fluffy the Hoplite (level 23, -25/233 HPs)
             Began as a Formicid Fighter on Mar 19, 2015.
             Was the Champion of Dithmenos.
             Annihilated by a phantasmal warrior (28 damage)
             ... on level 5 of the Vaults.
             The game lasted 04:09:21 (57108 turns).

Fluffy the Hoplite (Formicid Fighter)              Turns: 57108, Time: 04:09:21

Health: -25/233    AC: 43    Str: 29    XL:     23   Next: 81%
Magic:  25/25      EV:  9    Int:  7    God:    Dithmenos [******]
Gold:   4192       SH: 33    Dex: 17    Spells: 0 memorised, 22 levels left

rFire  + + .     SeeInvis +     F - +9 great sword (vamp)
rCold  . . .     Clarity  .     G - +10 plate armour of Poluceb {Contam +Inv rF+ rN++ Int-4}
rNeg   + + .     SustAb   .     E - +8 large shield {AC+3}
rPois  +         Gourm    .     (helmet unavailable)
rElec  .         Spirit   .     u - +2 cloak
rCorr  .         Warding  .     f - +2 pair of gloves {Str+3}
rMut   .         Stasis   +     z - +1 pair of boots
MR     ++...                    h - amulet of Vitality {Regen+ HP+15}
Stlth  ..........               W - ring of Sonwerr {+Fly rF+ Stlth+}
                                C - ring of poison resistance

@: mighty, marked, very slightly contaminated, wreathed by umbra, invisible,
very resistant to hostile enchantments, extremely unstealthy
A: permanent stasis, dig shafts and tunnels, four strong arms, antennae 3,
robust 1
a: Dig, Shaft Self, Shadow Step, Shadow Form, Renounce Religion, Evoke Flight
}: 2/15 runes: serpentine, barnacled


You were on level 5 of the Vaults.
You worshipped Dithmenos.
Dithmenos was exalted by your worship.
You were hungry.

You visited 8 branches of the dungeon, and saw 46 of its levels.
You visited the Abyss 1 time.
You also visited: Labyrinth and Volcano.

You collected 5691 gold pieces.
You spent 1499 gold pieces at shops.

Inventory:

Hand weapons
 F - a +9 vampiric great sword (weapon)
Armour
 f - a +2 pair of gloves of strength (worn)
 u - a +2 cloak (worn)
 z - a +1 pair of boots (worn)
 E - a +8 large shield of protection (worn)
 G - the +10 plate armour of Poluceb (worn) {Contam +Inv rF+ rN++ Int-4}
   (You bought it in a shop on level 12 of the Dungeon)

   It affects your intelligence (-4).
   It protects you from fire.
   It greatly protects you from negative energy.
   It lets you turn invisible.
   It causes magical contamination when unequipped.
Jewellery
 h - the amulet of Vitality (around neck) {Regen+ HP+15}
   (You found it on level 3 of the Elven Halls)

   [amulet of regeneration]

   It affects your health (+15).
   It increases your rate of regeneration.
 q - an uncursed amulet of resist mutation
 y - an uncursed ring of fire
 C - a ring of poison resistance (left hand)
 U - the amulet of Vanity {Clar rC++ rN+ Dex+3}
   (You found it on level 6 of the Lair of Beasts)

   [amulet of clarity]

   It provides mental clarity.
   It affects your dexterity (+3).
   It greatly protects you from cold.
   It protects you from negative energy.
 W - the ring of Sonwerr (right hand) {+Fly rF+ Stlth+}
   (You found it on level 3 of the Elven Halls)

   [ring of flight]

   It protects you from fire.
   It lets you fly.
   It makes you more stealthy.
Magical devices
 c - a wand of draining (3)
 g - a wand of disintegration (11)
 l - a wand of digging (4)
 n - a wand of cold (9)
 t - a wand of draining (6)
 L - a wand of digging (9)
 M - a wand of digging (12)
 T - a wand of cold (5)
Scrolls
 o - 14 scrolls of remove curse
 s - a scroll of summoning
 A - 7 scrolls of magic mapping
 D - 2 scrolls of silence
 I - 2 scrolls of holy word
 J - a scroll of enchant weapon
 K - 6 scrolls of recharging
 R - a scroll of brand weapon
 V - 18 scrolls of identify
Potions
 a - 3 potions of restore abilities
 e - 2 potions of might
 j - 4 potions of resistance
 k - 5 potions of cancellation
 p - 8 potions of flight
 r - 2 potions of heal wounds
 w - a potion of invisibility
 x - 12 potions of curing
 H - 10 potions of agility
 P - 3 potions of magic
 Q - a potion of cure mutation
Miscellaneous
 b - a fan of gales
 N - a phial of floods
Comestibles
 d - 14 bread rations
 i - 16 slices of pizza
 m - 31 beef jerkies
 v - 31 fruits
 B - 27 meat rations
 O - 2 chunks of flesh


   Skills:
 + Level 20.8 Fighting
 + Level 19.4 Long Blades
 + Level 21.0 Armour
 + Level 22.1 Shields


You had 22 spell levels left.
You didn't know any spells.

Dungeon Overview and Level Annotations

Branches:
Dungeon (15/15)            Temple (1/1) D:4            Lair (8/8) D:9
  Swamp (0/5) Lair:4       Shoals (5/5) Lair:6        Snake (5/5) Lair:3
  Slime (0/6) Lair:6          Orc (4/4) D:12            Elf (3/3) Orc:3
 Vaults (5/5) D:14          Crypt (0/3) Vaults:2     Depths (0/5) D:15

Altars:
Ashenzari
Cheibriados
Dithmenos
Elyvilon
Fedhas
Gozag
Kikubaaqudgha
Makhleb
Nemelex Xobeh
Okawaru
Qazlal
Ru
Sif Muna
Trog
Vehumet
Xom
Yredelemnul
Zin
The Shining One
Beogh
Jiyva

Shops:
D:7 }   D:8 ?   D:10 (   D:12 [   Orc:4 :?%(   Shoals:1 [   Shoals:4 :[((*
Snake:1 (   Snake:4 [   Vaults:3 *

Portals:
Trove: D:14 (give +2 gold dragon armour)


Innate Abilities, Weirdness & Mutations

You are under a permanent stasis effect.
You can dig through walls and to a lower floor.
Your four strong arms can wield two-handed weapons with a shield.
You have a pair of large antennae on your head (SInv).
You are robust (+10% HP).


Message History

The ironheart preserver hits you with a flail of holy wrath!!
* * * LOW HITPOINT WARNING * * *
The yaktaur captain shoots a bolt.
The bolt hits the small abomination!!
The bolt burns the small abomination!
You block the yaktaur captain's attack. You block the titan's attack.
The small abomination barely misses you.
The smoke demon gestures at you.
The sticky flame hits the phantasmal warrior.
The phantasmal warrior appears unharmed.
The deep elf death mage beckons forth a restless soul!
The deep elf annihilator mumbles some strange words.
The deep elf annihilator blinks!
The tengu reaver casts a spell at you.
The bolt of poison hits the phantasmal warrior.
The phantasmal warrior completely resists.
The bolt of poison hits you! You resist.
The bolt of poison hits the ancient lich.
The ancient lich completely resists.
The deep elf fighter shoots an arrow.
The arrow hits the ancient lich!
The phantasmal warrior hits you!!
You die...

#....# .# . #...§#
..# ...#....##.#.#
....#....#.#G.
........xX2p#{
###...e.{{2######
.......cceXeC*{...
......<{1xLCe......
.....1{eCc@pDc.....
......{2sWpee1...$
###..e{CcQ3######
......D..c2.
...#....#.*..
..#.§..#....
#....#.....
....#.... . .


You could see a shadow dragon, a tentacled monstrosity, an ironheart preserver,
a titan, an ancient lich, a Shadow Fiend, a fire giant, a stone giant, a tengu
reaver, 4 yaktaur captains, a lorocyproca (invisible), a vault guard, a deep elf
annihilator, a deep elf death mage, an ettin, a ghostly deep elf demonologist, a
phantasmal warrior, a yaktaur, a smoke demon, a hellion, a redback, a deep elf
fighter, a deep elf mage (invisible), a small abomination and a lost soul.

Vanquished Creatures
  An ancient lich (Vaults:5)
  Norris (Shoals:2)
  Saint Roka (Snake:5)
  Mara (Shoals:5)
  A golden dragon (Vaults:5)
  3 tentacled monstrosities
  Vashnia (Snake:4)
  A quicksilver dragon (Vaults:5)
  3 deep elf blademasters
  2 titans
  2 deep elf master archers (Elf:3)
  Rupert (Shoals:2)
  A sphinx (Vaults:3)
  Agnes (Vaults:4)
  A tengu reaver (Vaults:3)
  A shadow dragon (Vaults:5)
  2 ancient champions (Vaults:4)
  Roxanne (Shoals:5)
  8 greater nagas
  Ilsuiw (Shoals:5)
  Donald (Snake:4)
  Wiglaf (Elf:3)
  2 frost giants (Vaults:4)
  10 vault wardens
  Aizul (Snake:3)
  5 deep elf sorcerers
  Jorgrun (Vaults:5)
  12 ironheart preservers
  A war gargoyle (Vaults:5)
  A stone giant (Vaults:2)
  2 vampire knights
  6 deep elf demonologists (Elf:3)
  11 deep elf annihilators
  Azrael (Elf:2)
  2 large abominations
  2 ettins
  Snorg (Shoals:2)
  An unborn (Vaults:2)
  6 deep elf death magi
  A minotaur (Lab)
  7 merfolk javelineers
  10 merfolk impalers
  31 vault guards
  Josephine (D:13)
  A hydra (Lair:5)
  3 yaktaur captains
  4 deep elf high priests (Elf:3)
  2 great orbs of eyes (Vaults:4)
  3 fire dragons
  Fannar (Lair:8)
  5 merfolk aquamancers
  19 naga warriors
  16 anacondas
  4 centaur warriors
  2 ogre magi
  4 merfolk avatars
  15 dancing weapons (Elf:2)
  A satyr (Shoals:5)
  A death knight (Vaults:2)
  3 orc high priests (Orc:4)
  Urug (Shoals:1)
  10 shock serpents
  23 naga sharpshooters
  Nergalle (Orc:2)
  A soul eater (Elf:3)
  14 sea snakes
  21 deep elf knights
  6 salamander mystics
  4 fire crabs
  A flayed ghost (Vaults:3)
  A titan skeleton (Vaults:4)
  5 skeletal warriors (D:12)
  7 deep trolls
  8 deep elf summoners
  A golden dragon skeleton (Vaults:4)
  13 naga ritualists
  2 wolf spider zombies
  8 hill giants
  3 necromancers
  13 orc knights
  6 ironbrand convokers
  4 wolf spiders
  7 orc sorcerers
  14 ugly things
  A stone giant zombie (Vaults:3)
  21 deep elf conjurers
  7 harpies
  15 griffons
  A hornet (shapeshifter) (D:13)
  2 wizards
  3 hornets
  A shadow dragon skeleton (Vaults:3)
  18 salamanders
  A tengu skeleton (Vaults:3)
  18 manticores
  8 fauns
  11 mana vipers
  A cyclops (shapeshifter) (Vaults:2)
  A black mamba (shapeshifter) (Vaults:4)
  A toenail golem (Volcano)
  A centaur zombie (D:12)
  An elephant (shapeshifter) (D:15)
  6 water nymphs
  10 sirens
  10 cyclopes
  An elf zombie (Vaults:2)
  Joseph (D:8)
  31 black mambas
  29 naga magi
  2 drowned souls
  2 molten gargoyles (Volcano)
  5 elephants (Lair:6)
  12 vault sentinels
  6 guardian serpents
  A rust devil (Elf:3)
  An apocalypse crab (Abyss:1)
  5 gargoyles
  11 spiny frogs
  A demonic crawler (Elf:1)
  5 fire drakes
  A yaktaur (shapeshifter) (Vaults:2)
  19 yaktaurs
  A redback zombie (D:15)
  10 deep elf priests
  6 freezing wraiths
  4 komodo dragons
  2 harpy zombies (Vaults:2)
  4 wandering mushrooms (Lab)
  31 merfolk
  9 polar bears
  Grinder (D:6)
  12 blink frogs
  5 trolls
  2 raiju
  7 two-headed ogres
  15 slime creatures
  A two-headed ogre (shapeshifter) (Vaults:1)
  5 snapping turtles
  3 basilisks
  A blink frog (shapeshifter) (Vaults:4)
  2 wind drakes
  A trapdoor spider zombie (D:12)
  2 tarantellas
  A vampire (D:14)
  5 redbacks (Vaults:4)
  7 boulder beetles
  2 shadows
  3 wyverns
  A redback (shapeshifter) (Elf:1)
  A hippogriff (shapeshifter) (Elf:2)
  3 steam dragons (Lair:8)
  27 deep elf magi
  44 yaks
  3 hungry ghosts
  A human (D:8)
  15 water elementals
  Eustachio (D:4)
  13 hippogriffs
  A ynoxinul (Elf:3)
  9 wraiths
  8 vampire mosquitoes (Vaults:1)
  10 wargs
  5 fire elementals
  2 mottled dragons
  47 deep elf fighters
  2 insubstantial wisps (Lair:4)
  A redback simulacrum (Vaults:1)
  15 wolves
  2 small abominations
  6 hell hounds
  8 porcupines
  24 water moccasins
  14 black bears
  7 ice beasts
  66 nagas
  3 sky beasts
  3 swamp drakes (Lair:8)
  An ettin simulacrum (Vaults:4)
  40 orc warriors
  An eye of draining (shapeshifter) (Vaults:4)
  4 phantoms
  2 boring beetles
  13 centaurs
  A hornet simulacrum (Vaults:1)
  A crocodile (shapeshifter) (D:15)
  24 ogres
  2 lost souls (Elf:3)
  A yaktaur zombie (Vaults:1)
  Duvessa (D:8)
  A big kobold (D:6)
  18 crocodiles
  18 giant frogs
  An elf skeleton (D:7)
  A scorpion (D:6)
  2 troll zombies (D:10)
  7 killer bees
  8 wights
  3 lava snakes (Volcano)
  2 quasits
  7 electric eels
  Dowan (D:8)
  2 goliath beetles
  23 hounds
  A human simulacrum (Vaults:3)
  6 crimson imps
  2 giant frog zombies
  4 jellies
  26 orc priests
  6 human zombies
  15 iguanas
  11 centaur skeletons
  3 giant frog skeletons
  A human skeleton (D:7)
  10 worker ants
  3 hell rats
  33 sheep
  34 orc wizards
  6 ogre zombies (D:10)
  2 hound zombies
  2 mummies
  A worker ant zombie (D:6)
  17 gnolls
  19 adders
  62 river rats
  2 shadow imps
  4 giant mites
  2 worms
  An adder skeleton (D:9)
  7 giant geckos
  146 orcs
  2 ball pythons (D:3)
  2 bat skeletons
  9 giant cockroaches
  33 hobgoblins
  2 oozes (D:1)
  16 quokkas
  13 bats
  2 giant gecko skeletons
  6 giant newts
  A giant spore (D:9)
  44 goblins
  2 goblin skeletons (D:10)
  4 goblin zombies (D:10)
  3 hobgoblin skeletons (D:10)
  4 hobgoblin zombies (D:10)
  14 jackals
  A jackal skeleton (D:8)
  9 kobolds
  2 orc skeletons
  13 orc zombies
  14 rats
  35 ballistomycetes
  A fungus (Lair:7)
  2 plants (Lair:8)
2009 creatures vanquished.

Vanquished Creatures (collateral kills)
  Kirke (Shoals:5)
1 creature vanquished.

Vanquished Creatures (others)
  A Shadow Fiend (Vaults:5)
  A war gargoyle (Vaults:5)
  An ogre mage (Vaults:5)
  A deep elf conjurer (Elf:1)
  An ironbrand convoker (Vaults:5)
  A phantasmal warrior (Vaults:5)
  2 vault sentinels (Vaults:5)
  A rust devil (Vaults:5)
  19 drowned souls
  2 sirens (Shoals:5)
  A yaktaur (Vaults:5)
  A tarantella (Vaults:5)
  3 humans (Shoals:5)
  A redback (Vaults:5)
  2 lost souls
  An orc (D:6)
  A quokka (D:6)
  6 giant spores
  A quokka skeleton (D:6)
  A crawling corpse (Vaults:5)
  A fungus (Lair:8)
  10 plants
59 creatures vanquished.

Grand Total: 2069 creatures vanquished

Notes
Turn   | Place    | Note
--------------------------------------------------------------
     0 | D:1      | Fluffy, the Formicid Fighter, began the quest for the Orb.
     0 | D:1      | Reached XP level 1. HP: 18/18 MP: 1/1
   273 | D:1      | Reached XP level 2. HP: 24/24 MP: 3/3
  1415 | D:2      | Found an opulent altar of Gozag.
  1425 | D:2      | Reached XP level 3. HP: 29/29 MP: 4/4
  1778 | D:2      | Found an iron altar of Okawaru.
  1892 | D:3      | Reached skill level 4 in Long Blades
  1892 | D:3      | Reached XP level 4. HP: 27/35 MP: 5/5
  2441 | D:3      | Found a blossoming altar of Fedhas.
  2619 | D:3      | Reached skill level 5 in Long Blades
  2619 | D:3      | Reached XP level 5. HP: 38/41 MP: 7/7
  2777 | D:4      | Reached XP level 6. HP: 44/47 MP: 8/8
  2907 | D:4      | Noticed a phantom
  2921 | D:4      | Killed a phantom
  2977 | D:4      | Found a sparkling altar of Nemelex Xobeh.
  2997 | D:4      | Found a staircase to the Ecumenical Temple.
  3009 | Temple   | Entered the Ecumenical Temple
  3265 | Temple   | Became a worshipper of Dithmenos the Shadowed
  3393 | D:4      | Noticed Eustachio
  3482 | D:4      | Noticed a phantom
  3505 | D:4      | Killed a phantom
  3505 | D:4      | Reached XP level 7. HP: 21/54 MP: 9/9
  3819 | D:4      | Found a glowing silver altar of Zin.
  3895 | D:4      | Reached skill level 5 in Shields
  4146 | D:4      | Killed Eustachio
  4286 | D:5      | Entered Level 5 of the Dungeon
  4440 | D:5      | Found a bloodstained altar of Trog.
  4449 | D:5      | Reached skill level 6 in Long Blades
  4479 | D:5      | Found a glowing golden altar of the Shining One.
  4529 | D:5      | Reached skill level 5 in Armour
  4529 | D:5      | Reached XP level 8. HP: 61/61 MP: 11/11
  4669 | D:5      | Reached skill level 5 in Fighting
  5091 | D:6      | Noticed Grinder
  5096 | D:6      | Killed Grinder
  5255 | D:6      | Got a sparkling copper amulet
  5258 | D:6      | Identified the amulet "Lamalie" {Gourm -Cast rPois rF- Dex+7 Stlth+} (You found it on level 6 of the Dungeon)
  5311 | D:6      | Reached XP level 9. HP: 42/69 MP: 12/12
  5481 | D:6      | Found an ancient bone altar of Kikubaaqudgha.
  5497 | D:6      | Reached skill level 7 in Long Blades
  5914 | D:6      | Acquired Dithmenos' first power
  6996 | D:6      | Reached skill level 8 in Shields
  7116 | D:6      | Found a stormy altar of Qazlal.
  7568 | D:7      | Acquired Dithmenos' second power
  7784 | D:7      | Reached XP level 10. HP: 71/79 MP: 13/13
  7845 | D:7      | Found Smieh's Gadget Emporium.
  8155 | D:7      | Found a burning altar of Makhleb.
  8319 | D:7      | Found a basalt altar of Yredelemnul.
  8393 | D:7      | Reached skill level 9 in Shields
  8724 | D:8      | Noticed Joseph
  8734 | D:8      | Killed Joseph
  8734 | D:8      | Acquired Dithmenos' third power
  8841 | D:8      | Noticed Duvessa
  8848 | D:8      | Killed Duvessa
  8852 | D:8      | Noticed Dowan
  8870 | D:8      | Killed Dowan
  9054 | D:8      | Found Unno's Magic Scroll Boutique.
  9614 | D:9      | Identified a +1 rod of shadows (13/13) (You found it on level 9 of the Dungeon)
  9618 | D:9      | Found a white marble altar of Elyvilon.
  9976 | D:9      | Found a deep blue altar of Sif Muna.
 10001 | D:9      | Found a staircase to the Lair.
 10011 | D:9      | Reached XP level 11. HP: 87/87 MP: 15/15
 10354 | D:9      | Found a roughly hewn altar of Beogh.
 10432 | D:10     | Entered Level 10 of the Dungeon
 10447 | D:10     | Reached skill level 10 in Shields
 10463 | D:10     | Found Saom's Weapon Emporium.
 10589 | D:10     | Found a staircase to the Orcish Mines.
 10712 | D:10     | Acquired Dithmenos' fourth power
 11038 | D:10     | Noticed a hill giant
 11044 | D:10     | Killed a hill giant
 11449 | D:10     | Noticed a cyclops
 11455 | D:10     | Killed a cyclops
 11657 | D:11     | Reached skill level 10 in Long Blades
 11699 | D:11     | Noticed a cyclops
 11709 | D:11     | Killed a cyclops
 11721 | D:11     | Noticed a hill giant
 11978 | D:11     | Killed a hill giant
 11978 | D:11     | Reached skill level 10 in Armour
 12052 | D:11     | Reached skill level 11 in Shields
 12312 | D:11     | Noticed a hill giant
 12321 | D:11     | Killed a hill giant
 12321 | D:11     | Reached skill level 10 in Fighting
 12348 | D:11     | Noticed a hill giant
 12348 | D:11     | Noticed a cyclops
 12400 | D:10     | Reached XP level 12. HP: 37/97 MP: 16/16
 12685 | D:11     | Killed a hill giant
 12702 | D:11     | Killed a cyclops
 12828 | D:11     | Noticed a red ugly thing
 12839 | D:11     | Killed a red ugly thing
 13106 | D:11     | Noticed a cyan ugly thing
 13116 | D:11     | Killed a cyan ugly thing
 13311 | D:12     | Found a staircase to the Orcish Mines.
 13758 | D:12     | Gained mutation: You are robust (+10% HP). [potion of beneficial mutation]
 13823 | D:12     | Found a shattered altar of Ashenzari.
 14079 | D:12     | Found Qacki's Antique Armour Shop.
 14125 | D:12     | Noticed a skeletal warrior
 14125 | D:12     | Noticed a skeletal warrior
 14126 | D:12     | Noticed a skeletal warrior
 14128 | D:12     | Noticed a skeletal warrior
 14145 | D:12     | Killed a skeletal warrior
 14145 | D:12     | Reached skill level 12 in Shields
 14164 | D:12     | Killed a skeletal warrior
 14178 | D:12     | Noticed a skeletal warrior
 14948 | D:12     | Killed a skeletal warrior
 15029 | D:12     | Killed a skeletal warrior
 15036 | D:12     | Killed a skeletal warrior
 15141 | Orc:1    | Entered Level 1 of the Orcish Mines
 15291 | Orc:1    | Reached XP level 13. HP: 74/116 MP: 17/17
 15903 | Orc:2    | Noticed Nergalle
 15913 | Orc:2    | Killed Nergalle
 16069 | Orc:3    | Found a roughly hewn altar of Beogh.
 16592 | Orc:3    | Found a staircase to the Elven Halls.
 17039 | D:12     | Bought a distressingly furry cloak for 294 gold pieces
 17039 | D:12     | Bought a scorched plate armour for 868 gold pieces
 17050 | D:12     | Identified the +10 plate armour of Poluceb {Contam +Inv rF+ rN++ Int-4} (You bought it in a shop on level 12 of the Dungeon)
 17060 | D:12     | Identified the +1 cloak "Psaklif" {rF- Int+3 Dex+2} (You bought it in a shop on level 12 of the Dungeon)
 17136 | Orc:4    | Entered Level 4 of the Orcish Mines
 17136 | Orc:4    | Found an iron altar of Okawaru.
 17879 | Orc:4    | Reached skill level 13 in Shields
 18599 | Orc:4    | Found Klal Tuidoa's Book Shoppe.
 18600 | Orc:4    | Found Shruhal's Weapon Boutique.
 18601 | Orc:4    | Found Shrethryc's Magic Scroll Shoppe.
 18602 | Orc:4    | Found Soifuxosy's Food Boutique.
 19319 | Lair:1   | Entered Level 1 of the Lair of Beasts
 19774 | Lair:1   | Reached XP level 14. HP: 106/127 MP: 18/18
 20205 | Lair:2   | Found a glowing silver altar of Zin.
 21593 | Lair:3   | Found a staircase to the Snake Pit.
 22040 | Lair:4   | Found a staircase to the Swamp.
 22422 | Lair:4   | Reached skill level 14 in Shields
 24072 | Lair:6   | Found a staircase to the Slime Pits.
 24075 | Lair:6   | Found a viscous altar of Jiyva.
 24108 | Lair:6   | Got a bound crystal amulet
 24135 | Lair:6   | Found a dark tunnel.
 24141 | Lair:6   | Identified the amulet of Vanity {Clar rC++ rN+ Dex+3} (You found it on level 6 of the Lair of Beasts)
 24156 | Volcano  | Entered a volcano
 24496 | Volcano  | Found a radiant altar of Vehumet.
 24867 | Lair:6   | Found an ancient bone altar of Kikubaaqudgha.
 25210 | Lair:6   | Found a staircase to the Shoals.
 26005 | Lair:7   | Reached XP level 15. HP: 134/136 MP: 19/19
 26435 | Lair:8   | Entered Level 8 of the Lair of Beasts
 26440 | Lair:8   | Found a labyrinth entrance.
 26449 | Lab      | Entered a labyrinth
 26633 | Lab      | Identified the Reference Book on Augmentations
 26753 | Lair:8   | Noticed Fannar
 26776 | Lair:8   | Killed Fannar
 27124 | Lair:8   | Reached skill level 15 in Shields
 28251 | Snake:1  | Entered Level 1 of the Snake Pit
 28482 | Snake:1  | Found Fron's Antique Weapon Boutique.
 30156 | Snake:2  | Reached XP level 16. HP: 117/147 MP: 20/20
 30613 | Snake:3  | Reached skill level 16 in Shields
 30654 | Snake:3  | Reached skill level 15 in Armour
 31385 | Snake:3  | Found a white marble altar of Elyvilon.
 31416 | Snake:3  | Reached skill level 15 in Fighting
 31947 | Snake:3  | Noticed Aizul
 31957 | Snake:3  | Killed Aizul
 32435 | Snake:4  | Found Lawushid's Armour Shop.
 33066 | Snake:4  | Noticed Donald
 33078 | Snake:4  | Noticed Vashnia
 33085 | Snake:4  | Killed Donald
 33144 | Snake:4  | Killed Vashnia
 33795 | Snake:4  | Reached XP level 17. HP: 156/156 MP: 21/21
 34391 | Snake:5  | Entered Level 5 of the Snake Pit
 34646 | Snake:5  | Reached skill level 15 in Long Blades
 34646 | Snake:5  | Reached skill level 17 in Shields
 34669 | Snake:5  | Noticed Saint Roka
 35049 | Snake:5  | Killed Saint Roka
 36657 | Snake:5  | Reached XP level 18. HP: 131/167 MP: 21/21
 37809 | Snake:5  | Reached skill level 18 in Shields
 38440 | Snake:5  | Got a serpentine rune of Zot
 38848 | Shoals:1 | Entered Level 1 of the Shoals
 38855 | Shoals:1 | Identified the Papyrus of Vitriolic Orientation
 39349 | Shoals:1 | Found Itihuola's Antique Armour Shoppe.
 39353 | Shoals:1 | Noticed Urug
 39365 | Shoals:1 | Killed Urug
 39601 | Shoals:2 | Noticed Snorg
 39613 | Shoals:2 | Killed Snorg
 39722 | Shoals:2 | Noticed Rupert
 39735 | Shoals:2 | Killed Rupert
 40432 | Shoals:3 | Noticed Norris
 40472 | Shoals:2 | Reached XP level 19. HP: 167/177 MP: 22/22
 40614 | Shoals:2 | Killed Norris
 41804 | Shoals:4 | Found Casidepi's Weapon Boutique.
 41832 | Shoals:4 | Found Kaapeb's Book Shop.
 41943 | Shoals:4 | Found Psoanwiw's Weapon Emporium.
 41943 | Shoals:4 | Found Genoipp's Antique Armour Boutique.
 41978 | Shoals:4 | Found Vytopsoof's General Store.
 41987 | Shoals:4 | Bought a scroll of enchant weapon for 127 gold pieces
 42326 | Shoals:5 | Entered Level 5 of the Shoals
 42326 | Shoals:5 | Noticed Roxanne
 42351 | Shoals:5 | Killed Roxanne
 42701 | Shoals:5 | Got a barnacled rune of Zot
 43325 | Shoals:5 | Reached skill level 19 in Shields
 43359 | Shoals:5 | Got a wavering lapis lazuli ring
 43458 | Shoals:5 | Noticed Kirke
 43467 | Shoals:5 | Killed Kirke
 43877 | Shoals:5 | Identified the ring of Coiladgh {Wiz Str+3 Dex+5} (You took it off a siren on level 5 of the Shoals)
 44228 | Shoals:5 | Noticed Ilsuiw
 44252 | Shoals:5 | HP: 8/179 [merfolk javelineer/steel javelin (12)]
 44261 | Shoals:5 | Killed Ilsuiw
 44802 | Shoals:5 | Noticed Mara
 44809 | Shoals:5 | Reached XP level 20. HP: 171/187 MP: 23/23
 44822 | Shoals:5 | Noticed Fluffy's illusion
 44825 | Shoals:5 | Killed Mara
 45646 | D:13     | Found a glowing golden altar of the Shining One.
 45785 | D:13     | Noticed Josephine
 45790 | D:13     | Killed Josephine
 46686 | D:14     | Found a portal to a secret trove of treasure.
 47055 | D:14     | Identified a scroll of acquirement
 47302 | D:14     | Found a gate to the Vaults.
 47475 | D:15     | Entered Level 15 of the Dungeon
 47493 | D:15     | Found a runed door.
 47524 | D:15     | Found a staircase to the Depths.
 48061 | D:15     | Identified the Handbook of Conjuration and Envenoming
 48242 | Elf:1    | Entered Level 1 of the Elven Halls
 48923 | Elf:2    | Noticed Azrael
 48931 | Elf:2    | Killed Azrael
 49176 | Elf:2    | Found a runed gate.
 49177 | Elf:2    | Found a runed gate.
 49177 | Elf:2    | Found a runed gate.
 49586 | Elf:2    | Reached XP level 21. HP: 195/195 MP: 23/23
 49610 | Elf:2    | Reached skill level 20 in Shields
 49956 | Elf:3    | Entered Level 3 of the Elven Halls
 50137 | Elf:3    | Found a burning altar of Makhleb.
 50259 | Elf:3    | Noticed Wiglaf
 50270 | Elf:3    | Killed Wiglaf
 50963 | Elf:3    | Cast into the Abyss (a deep elf sorcerer)
 51048 | Elf:3    | Escaped the Abyss
 51174 | Elf:3    | Got a flickering golden ring
 51199 | Elf:3    | Identified the cursed ring "Bepter" {rC- rN+ MP+9 Int+4 Dex-3 Slay-2} (You took it off a deep elf master archer on level 3 of the Elven Halls)
 51201 | Elf:3    | Got a steaming plate armour
 51231 | Elf:3    | Got a warped steel ring
 51233 | Elf:3    | Identified the ring of Thiox {rElec SInv} (You found it on level 3 of the Elven Halls)
 51278 | Elf:3    | Identified The Almanac of Greatest Risks and Utility
 51300 | Elf:3    | Got a flickering turquoise ring
 51302 | Elf:3    | Identified the ring of Sonwerr {+Fly rF+ Stlth+} (You found it on level 3 of the Elven Halls)
 51341 | Elf:3    | Got a transparent iron ring
 51346 | Elf:3    | Identified the ring of Lyaxo {rElec rN+ Str+5 Int-5 Dex+4 SInv} (You found it on level 3 of the Elven Halls)
 51370 | Elf:3    | Identified the cursed -4 plate armour of the Centipede {rPois Int+3 Dex+2 Slay+3} (You found it on level 3 of the Elven Halls)
 51943 | D:8      | Bought a scroll of enchant weapon for 105 gold pieces
 51943 | D:8      | Bought a scroll of enchant weapon for 105 gold pieces
 52144 | Vaults:1 | Entered Level 1 of the Vaults
 52932 | Vaults:1 | Reached XP level 22. HP: 206/206 MP: 24/24
 53828 | Vaults:2 | Reached skill level 21 in Shields
 53909 | Vaults:2 | Found a staircase to the Crypt.
 54564 | Vaults:3 | Found Vyigu's Assorted Antiques.
 56313 | Vaults:4 | Noticed Agnes
 56317 | Vaults:4 | Killed Agnes
 56333 | Vaults:4 | Reached XP level 23. HP: 216/216 MP: 25/25
 56823 | Vaults:5 | Entered Level 5 of the Vaults
 57026 | Vaults:5 | Noticed Jorgrun
 57065 | Vaults:5 | Killed Jorgrun
 57065 | Vaults:5 | Reached skill level 22 in Shields
 57073 | Vaults:5 | Noticed an ancient lich
 57083 | Vaults:5 | Noticed an ancient lich
 57099 | Vaults:5 | Killed an ancient lich
 57107 | Vaults:5 | HP: 3/233 [ancient lich/shard of ice (25)]
 57108 | Vaults:5 | Annihilated by a phantasmal warrior

Action                   |  1- 3 |  4- 6 |  7- 9 | 10-12 | 13-15 | 16-18 | 19-21 | 22-24 || total
-------------------------+-------+-------+-------+-------+-------+-------+-------+-------++-------
Melee: Long sword        |   103 |   133 |   337 |   742 |  1209 |       |       |       ||  2524
       Short sword       |       |       |       |       |    15 |       |       |       ||    15
       Great sword       |       |       |       |       |   406 |  1015 |  1381 |   747 ||  3549
       Unarmed           |       |       |       |       |       |       |     1 |       ||     1
Invok: Shadow Step       |       |       |       |       |       |       |     1 |       ||     1
 Abil: Dig               |       |       |       |     3 |     3 |     3 |     5 |     2 ||    16
Evoke: Wand              |       |       |       |       |     6 |     8 |       |       ||    14
  Use: Scroll            |       |       |       |    26 |    12 |     2 |    21 |     2 ||    63
       Potion            |       |       |       |     1 |       |     3 |     7 |     5 ||    16
 Stab: Confused          |       |       |       |       |     1 |       |       |       ||     1
       Invisible         |       |       |       |       |       |       |     4 |     2 ||     6
       Distracted        |       |       |       |       |       |       |     1 |       ||     1
  Eat: Chunk             |     2 |     6 |    25 |    21 |    49 |    31 |    41 |    15 ||   190
       Royal jelly       |       |       |       |     1 |       |     1 |       |       ||     2
       Fruit             |       |       |       |     1 |       |       |       |       ||     1
       Bread ration      |       |       |       |       |       |       |     1 |       ||     1
